[Event "Susha Chess Blitz 2022"]
[Site "Shusha"]
[Date "2022.09.24"]
[Round "6"]
[White "Vidit, Santosh Gujrathi"]
[Black "Radjabov, Teimour"]
[Result "1/2-1/2"]
[ECO "E10"]
[WhiteElo "2710"]
[BlackElo "2747"]
[Annotator "TA"]
[PlyCount "190"]
[EventDate "2022.09.24"]
[EventType "tourn"]
[EventCountry "AZE"]
[SourceTitle "playchess.com"]
[Source "ChessBase"]
[SourceQuality "1"]
[TimeControl "180+2"]

1. d4 Nf6 2. c4 e6 3. Nf3 d5 4. e3 Be7 5. b3 c5 6. Bb2 cxd4 7. exd4 Nc6 8. Bd3 Nb4 9. Be2 b6 10. O-O Bb7 11. Nc3 dxc4 12. bxc4 O-O 13. Rc1 Rc8 14. Ne5 Ba8 15. Re1 Nc6 16. Nxc6 Bxc6 17. Qb3 Ba8 18. Red1 Bd6 19. h3 Qd7 20. a4 Rfd8 21. Rc2 Qe8 22. Bc1 Bb8 23. Bg5 Qe7 (23... Qc6 $2 24. Bf3 Qxc4 25. Qxc4 Rxc4 26. Bxa8 $18) 24. Bh4 h6 25. Nb5 a6 (25... Qb7 $2 26. Bf3 Rc6 27. Bxf6 gxf6 28. Bxc6 Qxc6 29. d5 $18) 26. Nc3 Qc7 (26... g5 $1 $17 27. Bg3 Bxg3 28. fxg3 Rxd4 $1 29. Qxb6 (29. Rxd4 Qc5 $17) 29... Rxd1+ 30. Nxd1 Ne4) 27. Bg3 $11 Qa7 28. Bxb8 Rxb8 29. Rcd2 Rd6 30. d5 exd5 31. cxd5 Rbd8 32. Bf3 Qd7 33. Qc4 Bb7 34. Qd4 Qc7 35. Rd3 Rc8 36. Rb1 Qc5 37. Qxc5 (37. Qf4 {with more complications.} Qc7 38. Ne4 Nxe4 39. Bxe4 Qe7 40. Re3) 37... Rxc5 38. Ne4 Nxe4 39. Bxe4 Rc4 40. Bf3 (40. f3 $1 $11) 40... g6 ({Black should play} 40... Rxa4 $17 {Hoping for ...Rc4.} 41. Re1 Kf8) 41. Rdb3 $11 Bxd5 (41... Bc8 $11 {keeps the balance.}) 42. Rd1 $2 {[%emt 0:00:01][%mdl 8192] [#]} (42. Rd3 $16 {is necessary to keep the advantage.} Rc5 43. Rb4) 42... Rc5 ({Black should try} 42... Rc1 $1 $17 43. Rxc1 Bxb3) 43. Bxd5 $11 Rcxd5 44. Rxd5 Rxd5 45. Rxb6 a5 46. Rb5 Rd1+ 47. Kh2 Rd2 48. Kg3 Rd3+ 49. f3 Kg7 50. Rxa5 Ra3 (50... Rd4 $11) 51. h4 (51. Kf4 $16) 51... Ra2 $1 $11 52. Kh3 h5 53. Ra6 Ra1 54. a5 Ra2 55. Kg3 Ra4 56. Ra8 Kf6 57. Ra7 Ra2 58. Kh3 Ra3 59. a6 Ra5 60. Kg3 Ra4 61. Ra8 Kg7 62. Ra7 Kf6 63. Kh3 Ra3 64. Kh2 Ra2 65. Ra8 Kg7 66. Kg3 Ra4 67. a7 Kf6 68. Kf2 Ra3 69. Ke2 Kg7 70. Kd2 Kf6 71. Kc2 Kg7 72. Kb2 Ra6 73. Kb3 Ra1 74. Kc4 Rc1+ (74... Ra4+ $11 {remains equal.} 75. Kb5 Ra3) 75. Kd3 (75. Kd4 $16 Ra1 76. Ke5) 75... Ra1 (75... Rd1+ $142 76. Kc4 Ra1) 76. f4 $2 (76. Kd4 $18) 76... Ra4 $11 77. f5 gxf5 78. g3 Kh7 79. Kc3 Kg7 80. Kb3 Ra1 81. Kc4 Ra5 82. Kd4 Kh7 83. Ke3 Ra4 84. Kd3 Kg7 85. Kc3 Ra1 86. Kb4 Rb1+ 87. Kc5 Ra1 88. Kd6 Ra2 89. Kc6 Rc2+ 90. Kd7 Ra2 91. Kd6 Ra1 92. Kc6 Rc1+ 93. Kb6 Rb1+ 94. Kc6 Ra1 95. Kb6 Rb1+ $1 1/2-1/2

[Event "Susha Chess Blitz 2022"]
[Site "Shusha"]
[Date "2022.09.24"]
[Round "6"]
[White "Mamedov, Rauf"]
[Black "Guseinov, Gadir"]
[Result "1/2-1/2"]
[ECO "C43"]
[WhiteElo "2646"]
[BlackElo "2661"]
[Annotator "TA"]
[PlyCount "19"]
[EventDate "2022.09.24"]
[EventType "tourn"]
[EventCountry "AZE"]
[SourceTitle "playchess.com"]
[Source "ChessBase"]
[SourceQuality "1"]
[TimeControl "180+2"]

1. e4 e5 2. Nf3 Nf6 3. d4 Nxe4 4. Bd3 d5 5. Nxe5 Nd7 6. Nxf7 Kxf7 7. Qh5+ Ke6 8. Qe2 {[%emt 0:00:04] [#]} Kf7 $146 ({Predecessor:} 8... Bb4+ 9. c3 Bd6 10. f3 Qh4+ 11. Kd1 Ne5 12. dxe5 Nf2+ 13. Kc2 Bc5 14. Rf1 Nxd3 15. Qxd3 Qxh2 16. Bd2 Qh5 {½-½ (23) Schroeder,M (2453)-Lins,T (2449) ICCF email 2014}) 9. Qh5+ $1 Ke6 {[%emt 0:00:04] [#] White must now prevent ...Ndf6. C43: Petroff Defence: 3 d4.} 10. Qe2 {[%emt 0:00:01] An even fight not without its subleties.} 1/2-1/2

[Event "Susha Chess Blitz 2022"]
[Site "Shusha"]
[Date "2022.09.24"]
[Round "6"]
[White "Yilmaz, Mustafa"]
[Black "Durarbayli, Vasif"]
[Result "1-0"]
[ECO "E18"]
[WhiteElo "2633"]
[BlackElo "2628"]
[Annotator "TA"]
[PlyCount "61"]
[EventDate "2022.09.24"]
[EventType "tourn"]
[EventCountry "AZE"]
[SourceTitle "playchess.com"]
[Source "ChessBase"]
[SourceQuality "1"]
[TimeControl "180+2"]

1. d4 Nf6 2. c4 e6 3. Nf3 b6 4. g3 Bb7 5. Bg2 Be7 6. O-O O-O 7. Nc3 Ne4 8. Bd2 f5 9. Ne5 {[%emt 0:00:05] E18: Queen's Indian: Old Main Line (4 g3 Bb7 5 Bg2 Be7 6 0-0 0-0 7 Nc3).} Bf6 10. Nxe4 Bxe4 11. Bxe4 {[%emt 0:00:13] The position is equal.} fxe4 12. Qc2 d5 13. f4 (13. cxd5 {looks sharper.} Qxd5 14. Qxc7 Qxd4 15. Bc3) 13... exf3 14. Nxf3 Nc6 15. e3 {[%emt 0:00:38] [#]} Ne7 $146 ({Predecessor:} 15... a5 16. a3 Rc8 17. Rac1 Ne7 18. e4 dxe4 19. Qxe4 Nf5 20. Bc3 Qd6 21. Rce1 c5 {½-½ (38) Spierenburg,P (2056)-Laan,A (2208) ICCF email 2017}) 16. Rac1 Rc8 17. e4 dxe4 18. Qxe4 Qd7 19. Bg5 Nf5 20. Bxf6 Rxf6 21. Rcd1 Rcf8 22. Ne5 Qa4 (22... Qd6 $11) 23. Ng4 $14 Rg6 24. d5 (24. Rde1 $16) 24... h5 (24... Qe8 $11) 25. Ne5 $36 {[%emt 0:00:08][%mdl 2048] White is really pushing.} Rgf6 {[%emt 0:00:21] [#]} 26. dxe6 $1 {[%emt 0:00:04] White is more active.} Nd6 {[%emt 0:00:02] [#]} (26... Qe8 $16) 27. Qd5 $1 $18 {[%emt 0:00:05] Hoping for e7+.} Rxf1+ 28. Rxf1 Rxf1+ 29. Kxf1 {[%emt 0:00:01] Strongly threatening e7+.} Kf8 (29... Qc2 {is a better chance.} 30. e7+ Kh7) 30. Ng6+ Ke8 (30... Kg8 $18 31. e7+ Kh7) 31. Qa8+ {[%emt 0:00:01] Weighted Error Value: White=0.08 (flawless) /Black=0.62} 1-0

[Event "Susha Chess Blitz 2022"]
[Site "Shusha"]
[Date "2022.09.24"]
[Round "7"]
[White "Radjabov, Teimour"]
[Black "Durarbayli, Vasif"]
[Result "1/2-1/2"]
[ECO "E19"]
[WhiteElo "2747"]
[BlackElo "2628"]
[Annotator "TA"]
[PlyCount "63"]
[EventDate "2022.09.24"]
[EventType "tourn"]
[EventCountry "AZE"]
[SourceTitle "playchess.com"]
[Source "ChessBase"]
[SourceQuality "1"]
[TimeControl "180+2"]

1. d4 Nf6 2. Nf3 e6 3. c4 b6 4. g3 Bb7 5. Bg2 Be7 6. O-O O-O 7. Nc3 Ne4 8. Qc2 Nxc3 9. Qxc3 a5 10. Bf4 d6 11. Rfd1 Nd7 12. Rac1 h6 {[%emt 0:00:05] [#]} 13. b3 $146 {[%emt 0:00:10] E16: Queen's Indian: 4 g3 Bb7 5 Bg2 Bb4+.} ({Predecessor:} 13. Qd3 f5 14. Qe3 Rf6 15. h4 Qe8 16. Qa3 e5 17. c5 exf4 18. c6 Bxc6 19. Rxc6 fxg3 20. Rxc7 gxf2+ 21. Kxf2 {0-1 (40) Van Wely,L (2605)-Salov,V (2675) Amsterdam 1996}) 13... Qe8 14. Ne1 Bxg2 15. Nxg2 f5 16. Qc2 Bf6 17. Be3 Qf7 18. d5 Be5 19. Bd4 Bxd4 20. Rxd4 e5 21. Rdd1 f4 22. f3 Rae8 23. Rf1 Nc5 24. e4 (24. Rf2 $15) 24... fxe3 (24... fxg3 $17 {And now ...Qh5 would win.} 25. hxg3 Qg6) 25. Nxe3 Qh5 26. Qg2 Rf6 27. Rc2 (27. Ng4 $15 Rf5 28. Qe2) 27... Ref8 $17 28. Rcf2 Nd3 (28... R6f7 $17 29. Kh1 a4 30. bxa4 Qg5) 29. Rd2 $15 Nc5 (29... Qg6 $15) 30. Rdf2 $1 $17 Nd3 ({Black should try} 30... R6f7 $17 31. Kh1 a4 32. bxa4 Qg6) 31. Rd2 $15 Nc5 (31... Qg6 $15) 32. Rdf2 $1 {[%emt 0:00:01] Weighted Error Value: White=0.17 (very precise) /Black=0.29 (precise)} 1/2-1/2

[Event "Susha Chess Blitz 2022"]
[Site "Shusha"]
[Date "2022.09.24"]
[Round "7"]
[White "Wang, Hao"]
[Black "Guseinov, Gadir"]
[Result "1-0"]
[ECO "B27"]
[WhiteElo "2722"]
[BlackElo "2661"]
[Annotator "TA"]
[PlyCount "100"]
[EventDate "2022.09.24"]
[EventType "tourn"]
[EventCountry "AZE"]
[SourceTitle "playchess.com"]
[Source "ChessBase"]
[SourceQuality "1"]
[TimeControl "180+2"]

1. e4 c5 2. Nf3 g6 3. c3 d5 4. e5 Nc6 5. d4 cxd4 6. cxd4 Bg4 {[%emt 0:00:01] B22: Sicilian: 2 c3.} 7. Bb5 Rc8 8. O-O Qb6 {[%emt 0:00:51] The position is equal.} 9. Nc3 {[%emt 0:00:07] [#]} a6 $146 (9... e6 $1 $11) ({Predecessor:} 9... e6 10. Be3 a6 11. Bxc6+ Rxc6 12. Qb3 Qxb3 13. axb3 Bxf3 14. gxf3 Kd7 15. Rfc1 Bb4 {0-1 (35) Vidic,T (2037)-Supancic,D (2336) Slovenia 2014}) 10. Bxc6+ $14 Qxc6 11. h3 (11. Bd2 $5 ) 11... Bxf3 12. Qxf3 Rd8 (12... e6 $14) 13. Be3 $16 Bg7 14. Rac1 $36 {[%emt 0:00:08][%mdl 2048] White is in control.} Qd7 15. b3 b5 {[%emt 0:00:02] Inhibits Na4.} 16. Ne2 Nh6 17. g4 O-O 18. Rc5 f6 19. exf6 exf6 (19... Rxf6 $14 20. Qg3 Nf7) 20. Nf4 f5 21. g5 ({Don't take} 21. Rxd5 $6 Qb7 $14) (21. Nxd5 $2 fxg4 22. Qg3 Qf7 23. Bxh6 Bxh6 $17) (21. Qxd5+ Qxd5 22. Nxd5 fxg4 $11) 21... Nf7 {[%emt 0:00:01] [#]} 22. h4 {[%emt 0:00:01] White is more active.} ({Don't do} 22. Nxd5 Rde8 $16) ({And not} 22. Qxd5 Qe7 23. Qe6 Qxg5+ 24. Ng2 Qh5 $17) 22... Nd6 23. Qxd5+ Nf7 24. Qxd7 Rxd7 25. Ne6 Re8 26. Nxg7 Kxg7 27. Rfc1 Re4 28. Rc7 Rxc7 29. Rxc7 $18 {[%emt 0:00:01][%mdl 4096] Endgame Hoping for d5. KRB-KRN} f4 (29... Rg4+ $142 30. Kf1 f4) 30. Bd2 Kf8 $2 (30... f3 31. Kh2 Kg8 32. Rc8+ Kg7) 31. Bb4+ Ke8 32. Bc5 f3 33. d5 Ne5 34. Re7+ Kd8 {White must now prevent ...Rg4+.} 35. d6 Rg4+ {[%emt 0:00:09] [#]} 36. Kh2 $1 Nd7 (36... Rxh4+ 37. Kg3 Rg4+ 38. Kh3 Rxg5) 37. Kh3 Rg1 38. Bb4 Rd1 39. Kg3 Rd3 40. Rxh7 Kc8 41. Rg7 Rd4 42. a3 a5 43. Bxa5 Rxd6 44. Bb4 Rd3 45. Rxg6 Rd1 46. Re6 Rh1 47. g6 Kc7 48. Kg4 {[%emt 0:00:04] Bd6+ would kill now.} Rh2 49. Bd6+ Kc6 50. Bxh2+ Kd5 {Weighted Error Value: White=0.08 (flawless) /Black=0.36} 1-0

[Event "Susha Chess Blitz 2022"]
[Site "Shusha"]
[Date "2022.09.24"]
[Round "7"]
[White "Maghsoodloo, Parham"]
[Black "Mamedyarov, Shakhriyar"]
[Result "0-1"]
[ECO "C77"]
[WhiteElo "2721"]
[BlackElo "2757"]
[Annotator "TA"]
[PlyCount "106"]
[EventDate "2022.09.24"]
[EventType "tourn"]
[EventCountry "AZE"]
[SourceTitle "playchess.com"]
[Source "ChessBase"]
[SourceQuality "1"]
[TimeControl "180+2"]

1. e4 e5 2. Nf3 Nc6 3. Bb5 a6 4. Ba4 Nf6 5. Bxc6 dxc6 6. d3 Bd6 7. Nbd2 Nd7 8. Nc4 {[%emt 0:00:11] C77: Ruy Lopez: 3...a6 4 Ba4 Nf6, unusual lines.} O-O 9. h4 b5 10. Ne3 {[%emt 0:00:01] [#] The position is equal.} Nf6 $146 ({Predecessor:} 10... Nb6 11. h5 c5 12. Qe2 a5 13. Nh4 Be7 14. Nef5 Bxh4 15. Nxh4 c4 16. h6 cxd3 17. cxd3 {0-1 (51) Golubka,P (2373)-Salomon,J (2470) Gothenburg 2016}) 11. h5 h6 12. Nh4 Bb4+ 13. Kf1 (13. Bd2 {feels hotter.} a5 14. Nhf5 Re8 15. a4) 13... Re8 14. Qf3 Bf8 15. Nhf5 c5 16. Rh3 c4 17. Rg3 ({White should play} 17. dxc4 bxc4 18. Kg1 (18. Nxc4 Nxe4 19. Be3 Bb7 $17)) 17... Kh8 $11 18. dxc4 bxc4 19. Nxc4 {[%emt 0:00:13] [#]} (19. Rh3 $1 $11 {was the only way to keep the balance.}) 19... Bxf5 (19... Nxe4 $1 $17 {[%mdl 512] White must now prevent ...Bxf5.} 20. Qxe4 Bxf5) 20. exf5 e4 21. Qe2 Qd7 22. Ne3 Rad8 23. Qxa6 Nxh5 24. Rg4 Nf6 25. Rh4 Kg8 26. a4 Bc5 27. Qb5 Qd6 28. a5 Ba7 (28... Ra8 $11 {remains equal.}) 29. Qe2 (29. Kg1 $16) 29... Qe5 30. Kg1 Rd7 (30... Bxe3 $5 31. Bxe3 Qxb2 $11) 31. a6 Red8 32. g3 {[%emt 0:00:10] [#]} (32. Qe1 $14 {keeps the upper hand.}) 32... Nd5 $2 {[%emt 0:00:10] Black is more active.} (32... Rd1+ $1 $17 {[%mdl 512] stays on course.} 33. Kh2 Bxe3 34. fxe3 R1d5) 33. Kg2 $16 Nxe3+ $2 (33... Bxe3 $16 34. Bxe3 (34. fxe3 Qxf5 35. Rh5 Qf6 $11) 34... Qxb2) 34. Bxe3 $18 Qxb2 {[%emt 0:00:03] ...Bxe3 is the strong threat.} 35. Ra4 $1 Bxe3 36. Qxe3 Qxc2 37. Rhxe4 (37. Qxe4 Qxe4+ 38. Rhxe4 c5 $14) 37... Rd3 {[%emt 0:00:05] [#]} 38. Qf4 Rd1 $2 (38... Ra8 {is a better chance.} 39. a7 Qc6) 39. Qf3 $2 (39. a7 $18 Qd3 40. a8=Q Qf1+ 41. Kf3 Rxa8 42. Rxa8+ Kh7 43. Rf8 (43. Qxc7 Rd3+ 44. Kg4 Qd1+ 45. Kh4 Qh1+ 46. Kg4 Qd1+ 47. Kh4 Qf3 $15) 43... Qh1+ 44. Kg4 h5+ 45. Kg5 f6+ {[#]} 46. Rxf6 $1 gxf6+ 47. Kxf6) 39... R8d3 $11 40. a7 Rxf3 41. a8=Q+ {[%emt 0:00:01][%mdl 64] Zwischenzug} Kh7 {[%emt 0:00:04] Chess con chili.} 42. Kxf3 Rd2 $40 {[%emt 0:00:10][%mdl 128] Black has some attack.} 43. Re8 $2 (43. Qa7 $11 c5 44. Qxf7 Rxf2+ 45. Kg4 Qd1+ 46. Kh3 Qh1+ 47. Kg4 Qf3+ 48. Kh3 Qh1+ 49. Kg4 Qf3+ 50. Kh3 Qh1+) 43... Qxf5+ $4 (43... Rxf2+ 44. Ke3 Qd2+ 45. Ke4 Re2+ 46. Kf3 Qd3+ 47. Kg4 h5+ 48. Kf4 Rf2+ 49. Qf3 Rxf3+ 50. Kg5 Rxg3+ 51. Kh4 Rh3+ 52. Kg5 Qg3+ 53. Rg4 Qxg4#) 44. Kg2 $4 (44. Rf4 $18 Qd5+ 45. Qxd5 Rxd5 46. Rxf7) 44... Rxf2+ $2 (44... Qxf2+ {mates} 45. Kh3 Qf5+ 46. Rg4 Qf1+ 47. Qg2 Qxg2+ 48. Kh4 Qh2#) 45. Kg1 {[%emt 0:00:01] Strongly threatening Rh8+.} Rf1+ 46. Kh2 {[%emt 0:00:01] aiming for Rh8+.} Qh5+ $4 (46... Rf2+ $11 47. Kg1 Rf1+ 48. Kg2 Rf2+ 49. Kg1) 47. Rh4 $18 Qf5 48. Rh8+ Kg6 49. R8xh6+ $2 gxh6 $15 50. Qg8+ ({White has to play} 50. Qc6+ $1 $15 Qe6 51. Rc4) 50... Kf6 $19 51. Qh8+ Ke7 {( -> ...Qc2+)} 52. Rf4 $2 (52. Qa8 $19 Rf2+ 53. Kg1 Rf1+ 54. Kh2 Rf2+ 55. Kg1) 52... Qh5+ 53. Rh4 Qe2+ {[%emt 0:00:01] Weighted Error Value: White=0.79/Black=0.54} 0-1

[Event "Susha Chess Blitz 2022"]
[Site "Shusha"]
[Date "2022.09.24"]
[Round "7"]
[White "Vidit, Santosh Gujrathi"]
[Black "Mamedov, Rauf"]
[Result "1/2-1/2"]
[ECO "A04"]
[WhiteElo "2710"]
[BlackElo "2646"]
[Annotator "TA"]
[PlyCount "134"]
[EventDate "2022.09.24"]
[EventType "tourn"]
[EventCountry "AZE"]
[SourceTitle "playchess.com"]
[Source "ChessBase"]
[SourceQuality "1"]
[TimeControl "180+2"]

1. Nf3 c5 2. c4 g6 3. g3 Bg7 4. Bg2 Nc6 5. O-O Nf6 6. d4 cxd4 7. Nxd4 O-O 8. Nc3 Nxd4 9. Qxd4 d6 10. Qd3 Bf5 11. e4 Be6 12. b3 $1 {[%emt 0:00:09] 12.b3 scores better than 12.Bd2.} Nd7 13. Be3 {[%emt 0:00:08] A39: Symmetrical English vs ...g6: 4 Bg2 Bg7 5 Nf3 Nf6 6 0-0 0-0 7 d4.} Qa5 14. Bd4 Ne5 15. Qd2 {[%emt 0:00:02] White is slightly better.} Rfc8 16. Rac1 Nc6 17. Bxg7 Kxg7 {[%emt 0:00:01] [#]} 18. Rfe1 $146 ({Predecessor:} 18. Rfd1 f6 19. Qb2 Re8 20. Nd5 Rac8 21. Kh1 b5 22. Nf4 Bd7 23. c5 Ne5 24. cxd6 Rxc1 25. Rxc1 {½-½ (40) Swager,J (2030)-Tassone,R (2163) ICCF email 2016}) 18... a6 19. Qb2 Kg8 20. Nd5 Bxd5 21. exd5 Ne5 {[%emt 0:00:01] aiming for ...Nd3.} 22. Re3 {[%emt 0:00:06] Against Nd3} Qc5 23. b4 (23. Qd2 $16) 23... Qa7 (23... Nxc4 $11 24. bxc5 (24. Rxe7 Nxb2 25. bxc5 Nd3 $11) 24... Nxb2) 24. c5 $1 $16 a5 25. Bh3 (25. f4 Ng4 26. Ra3 (26. Rxe7 axb4 27. Qd4 dxc5 $17) 26... dxc5 27. Rxa5 Qb6 28. Raxc5 Rxc5 29. Rxc5 Qa7 $11) ({White should try} 25. a3 $1) 25... Rc7 26. Ra3 $36 {[%emt 0:00:24][%mdl 2048] White has strong initiative.} (26. f4 axb4 27. fxe5 Rxc5 $14) 26... Qb8 27. bxa5 {[%emt 0:00:06][%cal Oa5a6] And now a6! would win. White is more active.} (27. f4 {is interesting.} axb4 28. Rxa8 Nf3+ 29. Kg2) 27... Qa7 (27... Rxc5 $14 28. Rxc5 dxc5) 28. cxd6 (28. a6 $1 $18 {[%cal Ra6b7] Black must now prevent axb7!} bxa6 29. c6) 28... Rxc1+ $14 29. Qxc1 exd6 30. Qc7 Qd4 $2 (30... h5 $1 $14) 31. Qxb7 $18 Re8 {[%emt 0:00:07] ...Nd3 is the strong threat.} 32. Re3 {[%emt 0:00:05] Hoping for a6.} Kf8 $2 (32... f5 33. a3 Nf3+ 34. Rxf3 Re1+ 35. Bf1 Qc4 36. Qb8+ Kg7 37. Qb2+ Kf7 38. Qb7+ Kg8 39. Qb8+ Kf7 40. Qb7+ Kg8) 33. Qb1 $2 (33. a6 $18) 33... Qa4 (33... Qxd5 $11 34. Bg2 Qxa5) 34. Qb2 Qxa5 35. Bg2 (35. f4 $1 $16 Qc5 36. Qc3 Nf3+ 37. Kf2 Qxc3 38. Rxc3) 35... Rc8 $11 36. f4 Qa7 (36... Qc5 $5 37. Qa3 $8 Qc1+ 38. Bf1 (38. Qxc1 Rxc1+ 39. Bf1 Ng4 $11) 38... Ng4 39. Qxc1 Rxc1 $11) 37. Qf2 Rc2 $1 38. Qxc2 Qxe3+ {[%emt 0:00:01][%mdl 4096] Endgame KQB-KQN} 39. Qf2 Qc1+ 40. Bf1 Ng4 41. Qd4 (41. Qf3 $11 Qc5+ 42. Kh1) 41... Ne3 ({Black should play} 41... Qc2 $1 $17 42. Bg2 Qb1+ 43. Bf1 Qxa2) 42. Qd3 Qc5 {[%emt 0:00:04] ( -> ...Ng4+)} 43. Kf2 $2 (43. Qb5 $11 {and White is okay.}) 43... Nxd5+ $2 (43... Ng4+ $19 44. Kf3 f5) 44. Kf3 $15 (44. Kg2 Ne3+ 45. Kh1 d5 $17) 44... Nb4 45. Qc4 Qb6 46. Qc8+ Kg7 47. Qc3+ Kg8 48. Qc8+ Kg7 49. Qc3+ Kh6 $2 (49... f6 $11 {and Black has nothing to worry.}) 50. g4 $1 $18 Nd5 $2 (50... Nxa2 51. g5+ (51. Qf6 Qc6+ 52. Kf2 Qc5+ 53. Kg2 Qc2+ 54. Kg1 Qc5+ 55. Kg2 Qc2+ 56. Kg1 Qc5+ 57. Kg2 $11) 51... Kh5) 51. g5+ $1 Kh5 52. Qd2 {[%emt 0:00:02] Intending Be2 and mate.} Ne7 53. Be2 Qg1 {[%emt 0:00:03] [#]} 54. Ke4+ $2 (54. Qc1 $3 {[%mdl 512] mates} Qg4+ 55. Kf2 Qxe2+ 56. Kxe2 Nf5 57. a4 Kg4 58. a5 Nd4+ 59. Ke3 Nf5+ 60. Ke4 d5+ 61. Kxd5) 54... Kh4 $11 55. Qe3 $2 (55. a4 $11) 55... Qg2+ $4 (55... Qb1+ $19 56. Kf3 Qh1+ 57. Kf2 Qxh2+ 58. Ke1 Nd5) 56. Kd3 $2 ({White has to play} 56. Qf3 $18 Qg1 57. Qg3+ Qxg3 58. hxg3+ Kxg3 59. Bc4) 56... Nf5 $2 {[%emt 0:00:02] [#]} (56... Nd5 $11 57. Qd4 Nc7) 57. Qe4 $2 (57. Qf3 $1 $18 Qg1 58. Bd1) 57... Qf2 58. a4 Qc5 {[%emt 0:00:01] Threatens to win with ...d5.} (58... d5 $5 59. Qe5 Qxh2 $17) 59. Qf3 {[%emt 0:00:02][%mdl 8192] [#]} (59. Bd1 $11 {and White stays safe.}) 59... Qa3+ $2 (59... Qg1 $2 60. Kd2 $18) (59... Qd4+ $1 $19 60. Kc2 Qxa4+ 61. Kc1 Qa1+ 62. Kd2 Qa5+ 63. Kc1 Qe1+ 64. Kb2 Qg1) 60. Kd2 Qb4+ 61. Kc1 Qc5+ (61... Qe1+ $1 $11 62. Kb2 Qd2+ 63. Ka3 Qc1+ 64. Ka2 Qd2+ 65. Kb1 Qe1+ 66. Kb2 (66. Ka2 Qd2+ 67. Ka3 Qc1+ 68. Ka2 Qd2+ $11) 66... Qb4+ 67. Kc1 Qe1+ 68. Kb2) 62. Kb2 (62. Kd1 $1 $14 Ne3+ 63. Kd2 (63. Ke1 Ng2+ 64. Kf1 Ne3+ 65. Kg1 Nd5+ 66. Kh1 Qc1+ 67. Bf1 Qxf4 $11) 63... Qd4+ 64. Ke1 Nc2+ 65. Kf1 Ne3+ 66. Kg1 Nd5+ 67. Kh1 Qxf4 68. Qxd5 Qxa4 69. Qf3 (69. Qxf7 Qe4+ 70. Qf3 Qxf3+ 71. Bxf3 Kxg5 $16) 69... Kxg5 70. Qxf7) 62... Qb4+ 63. Kc1 $1 Qc5+ (63... Qe1+ $11 64. Kb2 Qd2+ 65. Ka3 Qc1+ 66. Ka2 Qd2+ 67. Kb1 Qe1+ 68. Kb2 (68. Ka2 Qd2+ 69. Ka3 Qc1+ 70. Ka2 Qd2+ $11) 68... Qb4+ 69. Kc1) 64. Kb2 (64. Kd1 $1 $14 Ne3+ 65. Kd2 (65. Ke1 Ng2+ 66. Qxg2 Qb4+ 67. Kd1 Qxa4+ 68. Kd2 Qb4+ 69. Ke3 Qc5+ 70. Kd3 Qa3+ 71. Kc4 Qa4+ 72. Kd3 Qa3+ 73. Kd4 Qc5+ 74. Kd3 Qa3+ $11) 65... Qd4+ 66. Ke1 Nc2+ 67. Kf1 Ne3+ 68. Kg1 Nd5+ 69. Kh1 Qxf4 70. Qxd5 Qxa4 71. Qf3 (71. Qxf7 Qe4+ 72. Qf3 Qxf3+ 73. Bxf3 Kxg5 $11) 71... Kxg5 72. Qxf7) 64... Qb4+ {[%emt 0:00:02] The position is equal.} 65. Kc1 $1 Qe1+ 66. Kb2 Qd2+ 67. Kb1 {[%emt 0:00:01][%csl Ge2][%cal Rf3g4] Dancing on a razor blade.} Qb4+ {[%emt 0:00:03] Weighted Error Value: White=0.78/Black=0.81} 1/2-1/2

[Event "Susha Chess Blitz 2022"]
[Site "Shusha"]
[Date "2022.09.24"]
[Round "7"]
[White "Yilmaz, Mustafa"]
[Black "Kasimdzhanov, Rustam"]
[Result "1/2-1/2"]
[ECO "D32"]
[WhiteElo "2633"]
[BlackElo "2670"]
[Annotator "TA"]
[PlyCount "108"]
[EventDate "2022.09.24"]
[EventType "tourn"]
[EventCountry "AZE"]
[SourceTitle "playchess.com"]
[Source "ChessBase"]
[SourceQuality "1"]
[TimeControl "180+2"]

1. d4 d5 2. c4 e6 3. Nf3 c5 4. cxd5 exd5 5. Nc3 Nc6 6. dxc5 d4 7. Na4 Bxc5 {[%emt 0:00:02][%mdl 64] Decoy. D32: Tarrasch Defence: Sidelines and lines without g3.} 8. Nxc5 {[%emt 0:00:01] And now Nb3 would win.} Qa5+ 9. Qd2 Qxc5 {[%emt 0:00:01] White is slightly better.} 10. e3 $1 {[%emt 0:00:02][%mdl 4] is now more promising than 10.a3.} (10. a3 $5 ) 10... dxe3 11. Qxe3+ Qxe3+ 12. Bxe3 Nf6 13. Bc4 O-O 14. O-O Re8 {[%emt 0:00:25] [#]} 15. Rfc1 $146 ({Predecessor:} 15. Rac1 Be6 16. Bxe6 Rxe6 17. Nd4 Nxd4 18. Bxd4 b6 19. Bxf6 Rxf6 20. Rfd1 g6 21. Kf1 {½-½ (40) Petrov,N (2550)-Artemiev,V (2709) Sochi 2021}) 15... Be6 16. Bb5 Bd7 17. h3 Ne5 18. Bxd7 Nexd7 19. Rc7 b6 20. Rd1 Nf8 21. Ng5 Ne6 22. Nxe6 Rxe6 23. Rdc1 Nd5 {[%emt 0:00:17] [#]} (23... Kf8 $11) 24. Rxa7 $3 $16 Rae8 25. Bd2 {[%emt 0:00:10] White is more active.} Re2 26. Rd1 (26. Rc2 {with more complications.} Nb4 27. Rc4 Rxd2 28. Re7) 26... h6 27. Rd7 Nf6 28. Rd3 Ne4 {[%emt 0:00:07] [#]} 29. Re3 $1 Nxd2 30. Rxe8+ {[%emt 0:00:00][%mdl 64] Deflection} Rxe8 31. Rxd2 {[%emt 0:00:01][%mdl 4096] Endgame KR-KR} b5 32. Rd4 g5 33. Rb4 Re5 34. Kf1 Kg7 35. Rb3 f5 (35... Kg6 $142) 36. Re3 Rc5 37. Rc3 {[%emt 0:00:02] Prevents Rc1+.} Re5 38. Rc2 Kf6 (38... b4 $16 {keeps fighting.}) 39. Rc6+ $18 Kg7 40. a3 h5 41. b4 f4 42. f3 (42. Rd6 $16) 42... Re3 $11 43. Rc5 Kf6 44. Rxb5 {[%emt 0:00:02] Strongly threatening a4.} Rxa3 45. h4 g4 {[%emt 0:00:02] The position is equal.} ({Resist} 45... Ra1+ 46. Ke2 gxh4 47. Rxh5 $14) 46. fxg4 hxg4 47. h5 Ra1+ 48. Ke2 Ra2+ 49. Kf1 g3 50. h6 {[%emt 0:00:03] Black must now prevent Rh5.} Kg6 {[%emt 0:00:01] Inhibits Rh5.} 51. Rb6+ Kh7 52. b5 Rf2+ 53. Kg1 Rb2 54. Kf1 Rf2+ {[%emt 0:00:07] Black escapes into a draw.  Weighted Error Value: White=0.11 (very precise) /Black=0.11 (very precise)} 1/2-1/2